 Dungeon Crawl Stone Soup version 0.30-a0-476-g330ca2eb8e (webtiles) character file.

Game seed: 15904557482320509347

35 NinjaNoafa the Grasshopper (level 3, 0/31 HPs)
             Began as a Gnoll Warper on Dec 21, 2022.
             Succumbed to an adder's poison
             ... on level 2 of the Dungeon.
             The game lasted 00:07:20 (1038 turns).

NinjaNoafa the Grasshopper (Gnoll Warper)           Turns: 1038, Time: 00:07:21

Health: 0/31       AC:  3    Str: 12    XL:     3   Next: 33%
Magic:  2/9        EV: 12    Int: 12    God:
Gold:   41         SH:  0    Dex: 11    Spells: 1/12 levels left

rFire   . . .      SeeInvis .    a - +0 mace
rCold   . . .      Faith    .    (no shield)
rNeg    . . .      Spirit   .    b - +0 leather armour
rPois   .          Reflect  .    (no helmet)
rElec   .          Harm     .    (no cloak)
rCorr   .          Rampage  .    (no gloves)
Will    .....                    (no boots)
Stlth   +.........               (no amulet)
HPRegen 0.25/turn                i - ring of wizardry
MPRegen 0.11/turn                (no ring)

@: lethally poisoned (0 -> -5)
A: fangs 1, strong nose, distributed training
a: no special abilities


You were on level 2 of the Dungeon.
You visited 1 branch of the dungeon, and saw 3 of its levels.

You collected 41 gold pieces.

Inventory:

Hand Weapons
 a - a +0 mace (weapon)
Missiles
 d - 7 boomerangs of dispersal (quivered)
 f - 13 stones
 k - 6 javelins
Armour
 b - a +0 leather armour (worn)
Jewellery
 i - a ring of wizardry (left hand)
Scrolls
 e - 2 scrolls of identify
 h - a scroll of fog
 j - a scroll of magic mapping {unknown}
 o - a scroll of noise {unknown}
Potions
 g - a potion of curing {unknown}
 l - a potion of mutation {unknown}
 m - a potion of ambrosia {unknown}
 n - a potion of lignification {unknown}


   Skills:
 + Level 4.5 Fighting
 + Level 0.8 Short Blades
 + Level 0.8 Long Blades
 + Level 0.8 Axes
 + Level 4.5 Maces & Flails
 + Level 0.8 Polearms
 + Level 0.8 Staves
 + Level 0.8 Ranged Weapons
 + Level 2.6 Throwing
 + Level 2.6 Armour
 + Level 4.5 Dodging
 + Level 0.8 Stealth
 + Level 0.8 Shields
 + Level 0.8 Unarmed Combat
 + Level 5.0 Spellcasting
 + Level 0.5 Conjurations
 + Level 0.5 Hexes
 + Level 0.5 Summonings
 + Level 0.5 Necromancy
 + Level 5.4 Translocations
 + Level 0.5 Transmutations
 + Level 0.5 Fire Magic
 + Level 0.5 Ice Magic
 + Level 0.5 Air Magic
 + Level 0.5 Earth Magic
 + Level 0.5 Poison Magic
 + Level 1.0 Invocations
 + Level 0.8 Evocations


You had one spell level left.
You knew the following spells:

 Your Spells              Type           Power      Damage    Failure   Level
a - Blink                 Tloc           32%        N/A       1%          2
b - Lesser Beckoning      Tloc           32%        N/A       3%          3
c - Teleport Other        Tloc           16%        N/A       3%          3
d - Vhi's Electric Charg  Tloc/Air       20%        N/A       9%          3

Your spell library contained the following spells:

 Spells                   Type           Power      Damage    Failure   Level
 Manifold Assault         Tloc           16%        N/A       11%         4


Dungeon Overview and Level Annotations

Branches:
Dungeon (3/15)

Altars:

Annotations:
D:2 Sigmund


Innate Abilities, Weirdness & Mutations

You have very sharp teeth.
Your uncanny sense of smell can sniff out nearby items.
Your experience applies equally to all skills.


Message History

You feel stable enough to blink again. The bat attacks as you move away!
The bat hits you but does no damage. The bat barely misses you.
The bat barely misses you. The bat hits you but does no damage.
The bat barely misses you.
An adder comes into view.
The bat barely misses you. The bat attacks as you move away!
The bat misses you.
The adder hisses angrily.
The bat closely misses you. The bat hits you but does no damage.
Found 13 gold pieces.
The bat hits you but does no damage. The bat hits you.
As you read the scroll labelled BIPATWI ZUVUH, it crumbles to dust.
It is a scroll of identify.
h - a scroll of fog The bat closely misses you.
The adder bites you but does no damage.
You hit the adder but do no damage. The bat closely misses you.
The bat hits you.
* * * LOW HITPOINT WARNING * * *
The adder misses you.
You hit the adder but do no damage. The bat hits you.
* * * LOW HITPOINT WARNING * * *
The bat hits you but does no damage. The adder barely misses you. x2
You miss the adder. Your bite misses the adder. The bat barely misses you.
The adder bites you but does no damage. The bat hits you but does no damage.
The adder closely misses you.
You miss the adder. The bat hits you.
* * * LOW HITPOINT WARNING * * *
The adder barely misses you.
You miss the adder. Your bite misses the adder. The bat closely misses you. x2
The bat hits you but does no damage. The adder bites you.
* * * LOW HITPOINT WARNING * * *
You are lethally poisoned!
The adder poisons you! The adder bites you.
* * * LOW HITPOINT WARNING * * *
Blink to where?
Press: ? - help, Dir - move target
As you read the scroll of blinking, it crumbles to dust.
* * * LOW HITPOINT WARNING * * *
You feel sick.
You die...

#.......# #
######..####..#
#.........
##..###..# #<.#
#..# #..# #..#
#..# #..#
##..###..#
........@# ∆
##.###$## .#
#.# .# #.# ...
#.# #S# #b# #§#


You could see an adder and a bat.

Vanquished Creatures
  2 dart slugs (D:1)
  2 endoplasms
  2 giant cockroaches (D:1)
  5 goblins
  2 hobgoblins (D:1)
  2 jackals (D:1)
  2 kobolds
  2 quokkas (D:1)
  2 ball pythons (D:1)
  2 bats (D:1)
  3 frilled lizards (D:1)
  2 rats (D:1)
28 creatures vanquished.

Notes
Turn   | Place    | Note
-------+----------+-------------------------------------------
     0 | D:1      | NinjaNoafa the Gnoll Warper began the quest for the Orb.
     0 | D:1      | Reached XP level 1. HP: 20/20 MP: 6/6
   126 | D:1      | Found a faded altar of an unknown god.
   199 | D:1      | Reached XP level 2. HP: 22/26 MP: 7/7
   442 | D:1      | Learned a level 2 spell: Blink
   594 | D:1      | Reached skill level 5 in Spellcasting
   594 | D:1      | Reached XP level 3. HP: 25/31 MP: 7/9
   818 | D:1      | Learned a level 3 spell: Lesser Beckoning
   822 | D:1      | Learned a level 3 spell: Teleport Other
   826 | D:1      | Learned a level 3 spell: Vhi's Electric Charge
   887 | D:2      | Noticed Sigmund
  1000 | D:3      | Reached skill level 1 in Invocations
  1037 | D:2      | HP: 1/31 [poisoned by an adder]
  1038 | D:2      | Succumbed to an adder's poison

Illustrated notes

Levels and vault maps discovered:
D:1:      scummos_arrival_simple_crosswalls, layout_loops_ring,
          shapermc_ecumenical_altar_pompeii, minmay_misc_feat_chi
D:2:      layout_loops_ring, uniq_robin, uniq_sigmund
D:3:      layout_basic, uniq_natasha

Skill      XL: |  1  2  3 |
---------------+----------+-----
Spellcasting   | 5 |  5.0
Invocations    | 1 |  1.0
Fighting       | |  4.5
Short Blades   | |  0.8
Long Blades    | |  0.8
Axes           | |  0.8
Maces & Flails | |  4.5
Polearms       | |  0.8
Staves         | |  0.8
Ranged Weapons | |  0.8
Throwing       | |  2.6
Armour         | |  2.6
Dodging        | |  4.5
Stealth        | |  0.8
Shields        | |  0.8
Unarmed Combat | |  0.8
Conjurations   | |  0.5
Hexes          | |  0.5
Summonings     | |  0.5
Necromancy     | |  0.5
Translocations | |  5.4
Transmutations | |  0.5
Fire Magic     | |  0.5
Ice Magic      | |  0.5
Air Magic      | |  0.5
Earth Magic    | |  0.5
Poison Magic   | |  0.5
Evocations     | |  0.8

Action                   || total
-------------------------++-------
Melee: Mace              ||   104
       Bite              ||     4
 Cast: Vhi's Electric Ch ||     4
       Blink             ||     2
  Use: Scroll            ||     2
Armor: Leather armour    ||    45
Dodge: Dodged            ||    92

Table legend: (Time is in decaauts)
 A = Elapsed time spent in this place.
 B = Non-inter-level travel time spent in this place.
 C = Inter-level travel time spent in this place.
 D = Time resting spent in this place.
 E = Time spent auto-exploring this place.
 F = Levels seen in this place.
 G = Mean time per level.
                   A        B        C        D        E       F      G
               +--------+--------+--------+--------+--------+-----+--------+
         Total |   1055 |   1019 |     36 |      0 |    691 |   3 |  351.7 |
       Dungeon |   1055 |   1019 |     36 |      0 |    691 |   3 |  351.7 |
               +--------+--------+--------+--------+--------+-----+--------+

Top non-repeatable levels by time:
     D:1: 847 daAuts
     D:3: 124 daAuts
     D:2: 83 daAuts
